Map: Triton LE

Players

pHARM

  • Race: Zerg Zerg
  • League: Platinum
  • Spawn Location: 11:00

Cyberllama - Winner!

  • Race: Terran Terran
  • League: Platinum
  • Spawn Location: 5:00

VOD

Have the link to the VOD?

Description

Time

  • Played on: Sept. 1, 2019, 11:33 a.m.
  • Length: 13:54
Show
View Real Time Build Order
Export as new Build Order

pHARM Zerg 

Build Orders: Hatch First 

Get SALT Encoding   

  12  0:02  Drone  
  13  0:16  Overlord  
  13  0:18  Drone  
  14  0:36  Drone x2  
  16  0:52  Drone  
  16  0:56  Drone  
  18  0:58  Hatchery  
  18  1:01  Drone  
  18  1:15  Spawning Pool  
  18  1:18  Drone  
  18  1:34  Extractor  
  18  1:35  Drone x2  
  19  1:45  Drone  
  20  2:02  Queen  
  22  2:11  Zergling x2  
  22  2:12  Zergling x2, Queen  
  26  2:15  Drone  
  26  2:16  Drone  
  28  2:25  Overlord  
  28  2:55  Drone x6  
  34  3:00  Metabolic Boost  
  34  3:13  Drone  
  34  3:14  Drone  
  36  3:34  Overlord x2  
  36  3:45  Baneling Nest  
  36  3:47  Roach Warren  
  36  3:48  Evolution Chamber  
  33  3:52  Evolution Chamber  
  33  3:53  Drone x7  
  33  3:55  Overlord  
  39  3:56  Queen  
  39  3:59  Lair  
  41  4:16  Zerg Melee Weapons Level 1  
  41  4:20  Hatchery  
  41  4:23  Drone x6  
  46  4:28  Extractor  
  46  4:29  Extractor  
  42  4:44  Drone x6  
  34  4:55  Drone  
  34  4:56  Drone  
  33  5:02  Drone  
  33  5:03  Drone x2  
  26  5:15  Drone x2  
  25  5:23  Overseer  
  25  5:24  Drone x2  
  27  5:37  Drone x2  
  31  5:42  Roach  
  31  6:21  Drone x13  
  44  6:42  Drone x4  
  48  7:04  Zerg Missile Weapons Level 1  
  48  7:13  Overlord x6  
  48  7:25  Roach  
  50  7:46  Hydralisk Den, Roach x13  
  73  7:54  Roach x6  
  73  7:55  Roach  
  87  7:59  Roach  
  87  8:03  Roach  
  87  8:04  Roach x3  
  57  8:30  Zergling x16  
  57  8:31  Zergling x6  
  57  8:33  Zergling x2  
  59  8:34  Zergling x2  
  59  8:35  Zergling x4  
  60  8:43  Zergling x4  
  57  9:07  Drone  
  58  9:12  Zerg Melee Weapons Level 2  
  46  9:39  Queen x2  
  46  9:45  Hatchery  
  49  9:49  Hydralisk x11  
  49  9:50  Hydralisk x2  
  75  9:54  Extractor  
  75  9:57  Infestation Pit  
  73  10:14  Roach Warren  
  72  10:38  Drone  
  72  10:39  Drone x9  
  82  10:57  Hive  
  82  11:04  Drone x9  
  84  11:07  Queen  
  88  11:27  Drone x6  
  88  11:28  Zerg Ground Armor Level 1  
  94  11:35  Extractor x2  
  92  11:41  Baneling Nest  
  91  12:00  Hatchery  
  90  12:07  Pneumatized Carapace  
  90  12:33  Overlord x3, Zergling x16  
  90  12:34  Overlord x11  
  98  12:49  Overlord x2  
  98  12:50  Overlord x2  
  96  12:56  Baneling  
  93  13:00  Baneling x15  
  81  13:13  Hydralisk x8  
  96  13:37  Zergling x2  
Show
View Real Time Build Order
Export as new Build Order

Cyberllama Terran - Winner!

Build Orders: 2 Factory, Hellion Opening 

Get SALT Encoding   

  12  0:01  SCV  
  13  0:13  SCV  
  14  0:22  Supply Depot  
  14  0:25  SCV  
  15  0:31  Refinery  
  15  0:43  SCV  
  15  0:46  Barracks  
  16  0:55  SCV  
  17  1:03  Supply Depot  
  17  1:07  SCV  
  17  1:10  Refinery  
  18  1:19  SCV  
  19  1:32  SCV  
  19  1:33  Marine  
  19  1:36  Factory  
  21  1:52  Factory  
  21  1:56  Marine  
  22  2:01  SCV  
  23  2:23  Orbital Command  
  23  2:24  Marine  
  23  2:27  Factory Tech Lab  
  24  2:34  Supply Depot  
  24  2:41  Hellion  
  26  2:47  Infernal Pre-Igniter  
  26  2:56  Hellion  
  30  3:13  Hellion  
  30  3:17  Hellion  
  32  3:23  SCV  
  33  3:28  Supply Depot  
  35  3:34  Hellion  
  35  3:39  Hellion  
  37  3:44  Marine  
  38  3:48  SCV  
  39  4:00  Command Center  
  39  4:15  Siege Tank  
  39  4:16  Barracks Reactor  
  42  4:19  SCV  
  43  4:24  Factory Reactor  
  37  5:13  Siege Tank  
  38  5:23  Hellion x2  
  38  5:24  Marine x2  
  38  5:25  SCV  
  38  5:27  Orbital Command  
  45  5:32  Starport  
  45  5:36  Barracks  
  45  5:42  Marine x2  
  45  5:45  Siege Tank  
  45  5:47  Orbital Command  
  50  5:52  Supply Depot  
  50  5:54  Engineering Bay  
  50  5:57  Engineering Bay  
  50  6:04  Marine  
  50  6:05  Marine  
  50  6:08  Hellion  
  54  6:12  Medivac  
  56  6:22  SCV  
  57  6:26  Barracks Tech Lab  
  57  6:29  Refinery  
  57  6:33  Marine x2  
  57  6:36  Terran Infantry Weapons Level 1  
  57  6:38  Terran Infantry Armor Level 1  
  59  6:40  SCV  
  60  6:51  Combat Shield  
  60  6:59  Starport Reactor  
  60  7:03  Missile Turret  
  60  7:07  Siege Tank  
  63  7:09  Missile Turret  
  63  7:11  Marine x2, Marauder  
  63  7:12  SCV x2  
  69  7:19  Refinery  
  69  8:03  Hellion  
  69  8:08  Command Center  
  69  8:10  Siege Tank  
  69  8:12  Hellion  
  61  8:26  Marine x2  
  61  8:34  Marine  
  62  8:44  Marine  
  62  8:47  Marine  
  64  8:49  SCV x2  
  64  8:51  Marine  
  56  9:01  Marine  
  47  9:03  Siege Tank  
  47  9:05  Marine, Hellion x2  
  47  9:07  Stimpack  
  47  9:08  Medivac x2  
  47  9:09  Marine  
  60  9:10  SCV x2  
  62  9:19  Marine  
  62  9:22  SCV  
  62  9:23  Orbital Command  
  60  9:35  Siege Tank  
  62  9:49  Barracks, Medivac x2  
  62  9:50  Marine x2  
  62  9:51  Marine, Factory Tech Lab  
  69  10:05  Armory  
  69  10:06  Armory  
  69  10:08  Siege Tank  
  69  10:09  Marine x2  
  69  10:10  Orbital Command  
  69  10:13  Marauder  
  76  10:19  Siege Tank  
  79  10:27  Marine  
  80  10:35  Marine, Marauder  
  83  10:42  Supply Depot  
  83  10:45  Marine  
  83  10:46  Supply Depot  
  83  10:48  SCV  
  85  10:54  Terran Vehicle Weapons Level 1  
  85  11:02  SCV x3, Marauder  
  90  11:06  Marine x4  
  94  11:14  SCV  
  95  11:20  Liberator x2  
  94  11:29  SCV x3  
  97  11:34  Terran Infantry Armor Level 2, Terran Infantry Weapons Level 2  
  103  11:52  Marine x4  
  103  11:53  Marauder  
  109  12:07  Refinery  
  109  12:13  Supply Depot  
  109  12:16  Marine x2, SCV x2  
  113  12:35  Supply Depot  
  111  12:57  Supply Depot  
  110  13:15  SCV x3  
  110  13:16  Marine x4  
  110  13:17  Marine  
  130  13:25  Command Center  
Tags
 
Add a new tag
Caveats
  • Supply blocks, unpowered buildings, or Contaminate may cause inaccurate times.
  • Supply counts are checked every 10 seconds.